 Dungeon Crawl Stone Soup version 0.29.1-15-g9cfb28693d (webtiles) character file.

Game seed: 4617604619754491841

81 playerpeter1231 the Shooter (level 4, -2/37 HPs)
             Began as a Minotaur Hunter on Mar 7, 2023.
             Slain by Terence
             ... wielding a +0 trident
              (7 damage)
             ... on level 3 of the Dungeon.
             The game lasted 00:35:13 (2831 turns).

playerpeter1231 the Shooter (Minotaur Hunter)       Turns: 2831, Time: 00:35:13

Health: -2/37      AC:  5    Str: 17    XL:     4   Next: 19%
Magic:  2/2        EV: 12    Int:  6    God:
Gold:   116        SH:  0    Dex: 14    Spells: 3/3 levels left

rFire   + . .      SeeInvis +   l - +2 rapier (vamp)
rCold   + . .      Faith    .   (no shield)
rNeg    . . .      Spirit   .   c - +0 leather armour
rPois   .          Reflect  .   (helmet restricted)
rElec   .          Harm     .   (no cloak)
rCorr   +          Rampage  .   v - +0 pair of gloves
Will    .....                   h - +0 pair of boots
Stlth   +.........              (no amulet)
HPRegen 0.12/turn               x - ring "Cituicvui" {rF+ rC+ Will- rCorr SInv}
MPRegen 0.08/turn               (no ring)

@: no status effects
A: horns 2, retaliatory headbutt, low MP 1, mutation resistance 1
a: no special abilities


You were on level 3 of the Dungeon.
You visited 1 branch of the dungeon, and saw 3 of its levels.

You collected 116 gold pieces.

Inventory:

Hand Weapons
 a - a +0 shortbow
 e - a +0 club
 k - a +0 short sword
 l - a +2 vampiric rapier (weapon)
 n - a +0 spear
 o - a +0 falchion
 q - a +0 war axe
Missiles
 j - 10 stones
 p - 11 poisoned darts
Armour
 c - a +0 leather armour (worn)
 h - a +0 pair of boots (worn)
 i - a +0 leather armour
 v - a +0 pair of gloves (worn)
Magical Staves
 g - a staff of fire
Jewellery
 x - the ring "Cituicvui" (left hand) {rF+ rC+ Will- rCorr SInv}
   (You found it on level 2 of the Dungeon)

   [ring of protection from cold]

   rF:        It protects you from fire.
   rC:        It protects you from cold.
   SInv:      It lets you see invisible.
   rCorr:     It protects you from acid and corrosion.
   Will:      It decreases your willpower.
Scrolls
 b - a scroll of immolation
 m - 2 scrolls of teleportation {unknown}
 r - a scroll of identify {unknown}
 s - 2 scrolls of enchant armour {unknown}
 t - 2 scrolls of butterflies {unknown}
 w - a scroll of enchant weapon {unknown}
Potions
 d - 2 potions of might {unknown}
 f - a potion of brilliance {unknown}
 z - a potion of haste {unknown}


   Skills:
 + Level 2.5 Fighting
 + Level 1.0 Short Blades
 + Level 5.8 Ranged Weapons
 + Level 0.9 Armour
 + Level 2.5 Dodging
 + Level 1.0 Stealth


You had 3 spell levels left.
You didn't know any spells.
Your spell library contained the following spells:

 Spells                   Type           Power      Damage    Failure   Level
 Summon Guardian Golem    Hex/Summ       0%         N/A       87%         3
 Orb of Destruction       Conj           0%         9d5       100%        7
 Spellforged Servitor     Conj/Summ      0%         N/A       100%        7


Dungeon Overview and Level Annotations

Branches:
Dungeon (3/15)

Altars:
Okawaru

Annotations:
D:3 Natasha, Sigmund, Terence


Innate Abilities, Weirdness & Mutations

You have a pair of horns on your head.
You reflexively headbutt those who attack you in melee.
Your magical capacity is low. (-10% MP)
You are somewhat resistant to further mutation.


Message History

Aim: a crimson imp (heavily wounded, summoned, 48% to hit)
You shoot an arrow.
The arrow closely misses the crimson imp.
Terence hits you from afar with a +0 trident.
* * * LOW HITPOINT WARNING * * *
Fire: a) +0 shortbow
Press: ? - help, Shift-Dir - straight line, f/p - crimson imp
Aim: a crimson imp (moderately wounded, summoned, 48% to hit)
You shoot an arrow.
The arrow barely misses the crimson imp.
The iron imp barely misses you.
Terence hits you from afar with a +0 trident.
* * * LOW HITPOINT WARNING * * *
The crimson imp laughs crazily.
The crimson imp blinks!
Fire: a) +0 shortbow
Press: ? - help, Shift-Dir - straight line, f/p - crimson imp
Aim: a crimson imp (moderately wounded, summoned, 48% to hit)
You shoot an arrow.
The arrow closely misses the crimson imp.
The iron imp hits you but does no damage.
Terence hits you from afar with a +0 trident.
* * * LOW HITPOINT WARNING * * *
The iron imp closely misses you. You furiously retaliate!
You headbutt the iron imp. Terence closely misses you.
You feel a sense of dread.
l - a +2 vampiric rapier (weapon)
You closely miss the crimson imp.
The crimson imp disappears in a puff of smoke!
You hit the iron imp.
The iron imp is moderately wounded.
Natasha mumbles some strange words.
The iron imp hits you but does no damage.
Terence hits you from afar with a +0 trident.
* * * LOW HITPOINT WARNING * * *
You hit the iron imp but do no damage.
You headbutt the iron imp, but do no damage.
The iron imp is moderately wounded.
Terence hits you from afar with a +0 trident!
You die...

#........#
#.##.##..###
#.##.##....#
#....#####'###
#..#####§§§§§##
#..####≈§§§≈≈≈#
#.....#§≈§.≈≈≈#
##§####≈§≈≈≈≈≈#
#@# #≈§§§§§§#
#5# #≈§§ ≈§§#
#@# ##≈≈ §§##
#h# ### ### #.#
#.###########
#5..@.h...5.#
###########5#
#.####.#


You could see Terence, an iron imp (summoned), Natasha and a white imp
(summoned).

Vanquished Creatures
  2 adders
  2 worms (D:2)
  2 dart slugs
  2 bats
  6 endoplasms
  A giant cockroach (D:2)
  8 goblins
  8 hobgoblins
  3 jackals
  4 kobolds
  3 ball pythons (D:1)
  2 frilled lizards
  3 rats
46 creatures vanquished.

Notes
Turn   | Place    | Note
-------+----------+-------------------------------------------
     0 | D:1      | playerpeter1231 the Minotaur Hunter began the quest for the
                  | Orb.
     0 | D:1      | Reached XP level 1. HP: 18/18 MP: 0/0
   694 | D:1      | Reached XP level 2. HP: 25/25 MP: 1/1
   882 | D:1      | Reached skill level 5 in Ranged Weapons
  1710 | D:2      | Reached XP level 3. HP: 27/30 MP: 2/2
  2170 | D:2      | Found an iron altar of Okawaru.
  2262 | D:2      | Identified the ring "Cituicvui" {rF+ rC+ Will- rCorr SInv}
  2310 | D:2      | Reached skill level 1 in Stealth
  2507 | D:2      | Reached XP level 4. HP: 37/37 MP: 3/3
  2641 | D:3      | Noticed Sigmund
  2777 | D:3      | Reached skill level 1 in Short Blades
  2794 | D:3      | Noticed Terence
  2799 | D:3      | Noticed Natasha
  2817 | D:3      | Gained mutation: You are somewhat resistant to further
                  | mutation. [potion of mutation]
  2817 | D:3      | Gained mutation: Your magical capacity is low. (-10% MP)
                  | [potion of mutation]
  2831 | D:3      | Slain by Terence

Illustrated notes

Levels and vault maps discovered:
D:1:      shiori_arrival_maze, layout_basic, amethyst_killhole
D:2:      minmay_spotlight, layout_basic, basic_altar
D:3:      layout_loops_ring, shapermc_ecumenical_altar_mp_highgroup,
          kennysheep_flooded_box, corexii_corridor_pit, uniq_terence,
          uniq_sigmund, uniq_natasha

Skill      XL: |  1  2  3  4 |
---------------+-------------+-----
Ranged Weapons | 5 |  5.8
Stealth        | 1 |  1.0
Short Blades   | 1 |  1.0
Fighting       | |  2.5
Armour         | |  0.9
Dodging        | |  2.5

Action                   |  1- 3 |  4- 6 || total
-------------------------+-------+-------++-------
Melee: Club              |     8 |       ||     8
       Headbutt          |    11 |     3 ||    14
       Rapier            |    34 |     8 ||    42
 Fire: Shortbow          |    64 |    16 ||    80
  Use: Potion            |       |     1 ||     1
Armor: Leather armour    |     8 |     2 ||    10
Dodge: Dodged            |    28 |    10 ||    38
